 Dungeon Crawl Stone Soup version 0.19-a0-1686-g35356ef (webtiles) character file.

823 Crabhammer the Quickloader (level 7, -8/60 HPs)
             Began as a Centaur Hunter on Sept 25, 2016.
             Was an Initiate of Okawaru.
             Mangled by Duvessa
             ... wielding a +0 short sword
              (13 damage)
             ... on level 5 of the Dungeon.
             The game lasted 00:20:50 (5386 turns).

Crabhammer the Quickloader (Centaur Hunter)         Turns: 5386, Time: 00:20:50

Health: -8/60      AC:  6    Str: 15    XL:     7   Next: 64%
Magic:  7/7        EV:  9    Int: 18    God:    Okawaru [......]
Gold:   162        SH:  0    Dex:  9    Spells: 0 memorised, 6 levels left

rFire  + . .     SeeInvis +     a - +1 hand crossbow
rCold  . . .     Gourm    .     y - +1 leather armour {rF+}
rNeg   . . .     Faith    .     (no shield)
rPois  .         Spirit   .     (no helmet)
rElec  .         Dismiss  .     (no cloak)
rCorr  .         Reflect  .     (no gloves)
MR     .....     Harm     .     (no barding)
Stlth  +.........               (no amulet)
                                B - +6 ring of intelligence
                                l - ring of see invisible

@: very quick
A: hooves 3, deformed body, speed 2, tough skin 3
a: Renounce Religion


You were on level 5 of the Dungeon.
You worshipped Okawaru.
Okawaru was noncommittal.
You were not hungry.

You visited 2 branches of the dungeon, and saw 6 of its levels.
You also visited: Sewer.

You collected 162 gold pieces.

Inventory:

Hand Weapons
 a - a +1 hand crossbow (weapon)
 b - a +5 dagger of draining
 C - a +0 long sword
Missiles
 d - 4 bolts (quivered)
Armour
 o - a +0 leather armour of poison resistance
 y - a +1 leather armour of fire resistance (worn)
 A - a +0 leather armour of cold resistance
Jewellery
 l - a ring of see invisible (left hand)
 B - a +6 ring of intelligence (right hand)
Wands
 t - a wand of confusion (34/48)
 w - a wand of enslavement (15/24)
Scrolls
 c - 2 scrolls of remove curse
 h - 8 scrolls of identify {unknown}
 m - 2 scrolls of teleportation
 p - 2 scrolls of noise
 x - a scroll of fear {unknown}
Potions
 e - 2 potions of brilliance {unknown}
 g - 5 potions of flight {unknown}
 i - a potion of resistance {unknown}
 j - 3 potions of degeneration {unknown}
 n - 2 potions of lignification {unknown}
 q - 3 potions of agility {unknown}
 s - 2 potions of magic {unknown}
 u - 2 potions of curing {unknown}
 z - a potion of haste {unknown}
 D - 2 potions of berserk rage {unknown}
Comestibles
 f - 5 bread rations
 k - 3 meat rations
 r - a beef jerky
 v - 2 royal jellies
 E - 3 fruits


   Skills:
 * Level 4.5 Fighting
 * Level 1.5 Long Blades
 * Level 9.1 Crossbows
 - Level 1.3 Dodging
 - Level 0.5 Stealth


You had 6 spell levels left.
You didn't know any spells.

Dungeon Overview and Level Annotations

Branches:
Dungeon (5/15)             Temple (1/1) D:4

Altars:
Dithmenos
Fedhas
Gozag
Hepliaklqana
Kikubaaqudgha
Makhleb
Okawaru
Qazlal
Ru
Sif Muna
Trog
Uskayaw
Xom
The Shining One

Annotations:
D:5 Duvessa


Innate Abilities, Weirdness & Mutations

You have hooves in place of feet.
Armour fits poorly on your strangely shaped body.
You cover ground very quickly.
You have extremely tough skin. (AC +3)


Message History

Press: ? - help, Shift-Dir - straight line, f/p - Duvessa
Aim: Duvessa, wielding a short sword (severely wounded, berserk, fast, unusually strong)
You shoot a bolt. The bolt hits Duvessa.
Duvessa is almost dead.
Duvessa closely misses you. Duvessa hits you with a short sword!
Firing (i - inventory):
d - 6 bolts (quivered)
Press: ? - help, Shift-Dir - straight line, f/p - Duvessa
Aim: Duvessa, wielding a short sword (almost dead, berserk, fast, unusually strong)
You shoot a bolt. The bolt hits Duvessa.
Duvessa is almost dead.
Duvessa hits you with a short sword!
* * * LOW HITPOINT WARNING * * *
Firing (i - inventory):
d - 5 bolts (quivered)
Press: ? - help, Shift-Dir - straight line, f/p - Duvessa
Aim: Duvessa, wielding a short sword (almost dead, berserk, fast, unusually strong)
You shoot a bolt. The bolt closely misses Duvessa.
Duvessa hits you with a short sword!
* * * LOW HITPOINT WARNING * * *
Duvessa hits you with a short sword!
You die...

#..###.###...........
#..# ### #.##.###...
#..#######.##.##...
#..........##.##..#
##...........†##..#
#########.##.##..#.#
#.##.##..#.# ##
#.##.##..#.# ...
#.@......#.#####.#
#e######.........#
#(# #.#.....# #.#
####.#.....# ###(#
#..........+ #...#
#..#.#.<...# #..(#
#..#.#.....#
#..(###..........#
#.....e.(#.##....#


You could see Duvessa (berserk).

Vanquished Creatures
  A sky beast (D:5)
  An ogre (D:3)
  2 big kobolds (Sewer)
  Dowan (D:5)
  A howler monkey (D:4)
  An orc priest (D:3)
  A hound (D:4)
  Ijyb (D:2)
  2 orc wizards (D:4)
  A worker ant (D:4)
  11 adders
  2 river rats (Sewer)
  7 oozes (Sewer)
  An adder skeleton (D:4)
  4 worms
  3 dart slugs
  2 leopard geckos (D:1)
  18 orcs
  3 bats
  3 goblins
  6 hobgoblins
  4 jackals (D:1)
  A quokka (D:2)
  9 ball pythons
  A frilled lizard (D:3)
  8 kobolds
  14 rats
109 creatures vanquished.

Vanquished Creatures (others)
  4 toadstools (D:1)
4 creatures vanquished.

Grand Total: 113 creatures vanquished

Notes
Turn   | Place    | Note
-------+----------+-------------------------------------------
     0 | D:1      | Crabhammer the Centaur Hunter began the quest for the Orb.
     0 | D:1      | Reached XP level 1. HP: 17/17 MP: 1/1
   160 | D:1      | Reached XP level 2. HP: 23/24 MP: 2/2
   289 | D:1      | Reached skill level 5 in Crossbows
  1031 | D:2      | Reached XP level 3. HP: 29/29 MP: 3/3
  1365 | D:2      | Noticed Ijyb
  1372 | D:2      | Killed Ijyb
  1372 | D:2      | Reached skill level 6 in Crossbows
  1372 | D:2      | Reached XP level 4. HP: 28/37 MP: 4/4
  2281 | D:3      | Noticed an ogre
  2294 | D:3      | Killed an ogre
  2294 | D:3      | Reached skill level 7 in Crossbows
  2294 | D:3      | Reached XP level 5. HP: 45/45 MP: 5/5
  2809 | D:3      | Found a sacrificial altar of Ru.
  3203 | D:4      | Reached XP level 6. HP: 46/51 MP: 6/6
  3419 | D:4      | Found a glowing drain.
  3429 | Sewer    | Entered a sewer
  3623 | Sewer    | Reached skill level 1 in Long Blades
  3661 | Sewer    | Reached skill level 8 in Crossbows
  3966 | Sewer    | Reached XP level 7. HP: 54/58 MP: 7/7
  4281 | D:4      | Found a staircase to the Ecumenical Temple.
  4290 | Temple   | Entered the Ecumenical Temple
  4427 | Temple   | Became a worshipper of Warmaster Okawaru
  5299 | D:5      | Entered Level 5 of the Dungeon
  5316 | D:5      | Reached skill level 9 in Crossbows
  5359 | D:5      | Noticed Duvessa
  5359 | D:5      | Noticed Dowan
  5381 | D:5      | Killed Dowan
  5386 | D:5      | Mangled by Duvessa

Vault maps used:
D:1:      ldierk_water_garden
D:2:      roderic_roman_lattice, uniq_iyjb
D:3:      nicolae_ru_the_path_less_chosen, nrook_loot_triangle
D:4:      serial_bayou, serial_bayou_shore_b, serial_bayou_pond_e,
          serial_bayou_ford_a, serial_bayou_shore_a, serial_bayou_shore_b,
          serial_bayou_lagoon_a, portal_sewer_entry_a
D:5:      ashenzari_conservatory_becter, first_bread, st_stairs_7,
          trog_butcher_becter, uniq_blork_the_orc, uniq_duvessa
Temple:   oiseaux_autumnal_temple
Sewer:    sewer_co_tree

Skill      XL: |  1  2  3  4  5  6  7 |
---------------+----------------------+-----
Crossbows      | 5 6 7 8 9 |  9.1
Fighting       | 3 4 |  4.5
Long Blades    | 1 |  1.5
Dodging        | |  1.3
Stealth        | |  0.5

Action                   |  1- 3 |  4- 6 |  7- 9 || total
-------------------------+-------+-------+-------++-------
Melee: Short sword       |    71 |       |       ||    71
       Kick              |     6 |    15 |     8 ||    29
       Dagger            |       |   105 |    75 ||   180
 Fire: Hand crossbow     |    31 |    41 |    21 ||    93
  Use: Scroll            |       |     7 |       ||     7
  Eat: Chunk             |     1 |     6 |     4 ||    11
Armor: Leather armour    |    18 |    20 |    16 ||    54
       Ring mail         |     9 |    16 |       ||    25
Dodge: Dodged            |    42 |    52 |    29 ||   123
